 Dungeon Crawl Stone Soup version 0.31-a0-152-g6aa68a64a1 (webtiles) character file.

Game seed: 11827644525129794386

94 qw the Shooter (level 4, -3/28 HPs)
             Began as a Gargoyle Hunter on June 10, 2023.
             Splashed by a jelly's acid (10 damage)
             ... on level 3 of the Dungeon.
             The game lasted 00:00:31 (1500 turns).

qw the Shooter (Gargoyle Hunter)                    Turns: 1500, Time: 00:00:32

Health: -3/28      AC:  8    Str: 14    XL:     4   Next: 63%
Magic:  4/4        EV: 10    Int: 10    God:
Gold:   122        SH:  0    Dex: 15    Spells: 3/3 levels left

rFire   + . .        Y - +0 shortbow
rCold   + + .        (shield currently unavailable)
rNeg    + . .        i - +0 ring mail {rC+}
rPois   inf          (no helmet)
rElec   +            d - scarf {rC+ rF+}
rCorr   .            (no gloves)
SInv    .            (no boots)
Will    .....        (no amulet)
Stlth   +            (no ring)
HPRegen 0.24/turn    (no ring)
MPRegen 0.09/turn

%: no passive effects
@: no status effects
A: sickness immunity, AC +3, negative energy resistance 1, electricity
resistance, torment resistance 1, petrification resistance
a: no special abilities


You were on level 3 of the Dungeon.
You visited 1 branch of the dungeon, and saw 3 of its levels.

You collected 122 gold pieces.


Innate Abilities, Weirdness & Mutations

You are immune to sickness and miasma.
Your stone body is resilient. (AC +3)
You are immune to poison.
You resist negative energy. (rN+)
You are resistant to electric shocks. (rElec)
You are resistant to unholy torment.
You are immune to petrification.


   Skills:
 - Level 3.0 Fighting
 + Level 5.4 Ranged Weapons
 - Level 1.0 Armour
 - Level 1.5 Dodging
 - Level 1.1 Stealth


You had 3 spell levels left.
You didn't know any spells.
Your spell library was empty.

Inventory:

Hand Weapons
 Y - a +0 shortbow (weapon)
Armour
 d - a scarf of resistance (worn)
 h - the +0 robe "Ecinusey" {Contam +Blink rF+++ MP+9}
   (You found it on level 3 of the Dungeon)

   rF:        It renders you almost immune to fire.
   MP:        It affects your magic capacity (+9).
   +Blink:    It lets you blink.
   Contam:    It causes magical contamination when unequipped.
 i - a +0 ring mail of cold resistance (worn)
Jewellery
 c - a ring of fire
Scrolls
 b - 2 scrolls of identify
 e - a scroll of immolation {unknown}
 j - a scroll of teleportation {unknown}
Potions
 a - a potion of curing {unknown}
 f - a potion of attraction {unknown}
 g - a potion of degeneration {unknown}

Dungeon Overview and Level Annotations

Branches:
Dungeon (3/15)

Altars:

Annotations:
D:3 1 runed translucent door, qw's ghost, amateur MiHu


Message History

The orc priest hits you but does no damage.
The orc hits you with a +0 hand axe.
A jelly comes into view.
The orc hits you with a +0 hand axe.
The orc priest invokes the aid of Beogh against you.
Pain shoots through your body!
You shoot an arrow. The arrow hits the orc priest.
The orc priest is severely wounded.
The orc priest hits you but does no damage.
The orc hits you but does no damage.
You shoot an arrow.
The arrow closely misses the orc priest.
The arrow barely misses the rat.
The orc priest misses you. The orc hits you but does no damage.
You shoot an arrow. The arrow hits the orc priest.
The orc priest is almost dead.
The orc priest closely misses you. The jelly closely misses you.
The orc barely misses you.
You shoot an arrow. The arrow hits the orc priest!
You kill the orc priest!
The orc closely misses you. The jelly closely misses you.
The rat bites you but does no damage. The jelly hits you but does no damage.
The orc hits you but does no damage.
You shoot an arrow. The arrow closely misses the orc.
The orc closely misses you. The jelly hits you but does no damage.
The rat twitches its whiskers.
The rat barely misses you.
You shoot an arrow. The arrow hits the orc.
The orc is almost dead.
The orc hits you but does no damage. The rat barely misses you.
The jelly hits you.
You are splashed with acid!
You shoot an arrow. The arrow hits the orc.
The orc is almost dead.
The orc hits you with a +0 hand axe. The rat completely misses you.
The jelly barely misses you.
You shoot an arrow. The arrow hits the orc!
You kill the orc!
The jelly hits you but does no damage. The rat bites you but does no damage.
The jelly hits you.
You are splashed with acid!
You die...

#....##
#.#...#########
#..............
###.#.......#
#.#.......# ##.#
#.#.......#....#
#.#.......(..#
#.#./...J....#
#.#....@)....+
##'##r##...#
#.##.# .....
#.##). .<#...
#..... ###.#
####..# .. $..#
...#


You could see a jelly and a rat.

Vanquished Creatures
  An orc priest (D:3)
  A worm (D:2)
  3 dart slugs
  2 orcs (D:3)
  4 ball pythons
  5 bats
  3 endoplasms
  5 giant cockroaches (D:1)
  5 goblins
  6 hobgoblins
  6 kobolds
  A quokka (D:2)
  4 frilled lizards
  4 rats
50 creatures vanquished.

Notes
Turn   | Place    | Note
-------+----------+-------------------------------------------
     0 | D:1      | qw the Gargoyle Hunter began the quest for the Orb.
     0 | D:1      | Reached XP level 1. HP: 12/12 MP: 1/1
     0 | D:1      | 0 ||| qw: Version: 0.2-a-29-gd901d54
     0 | D:1      | 0 ||| qw: Game counter: 3969
     0 | D:1      | 0 ||| qw: Always use a shield: true
     0 | D:1      | 0 ||| qw: God list: Okawaru
     0 | D:1      | 0 ||| qw: Allow faded altars: false
     0 | D:1      | 0 ||| qw: Do Orc after D:15 true
     0 | D:1      | 0 ||| qw: Do second Lair branch before Depths: true
     0 | D:1      | 0 ||| qw: Lair rune preference: random
     0 | D:1      | 0 ||| qw: Plans: Normal, Zot:1-4, Slime:5, God:TSO, Crypt,
                  | Tomb, Abyss, Pan, Hells, Win
     0 | D:1      | 0 ||| PLANNING D:1-11
    55 | D:1      | Reached XP level 2. HP: 17/17 MP: 2/2
   144 | D:1      | Reached XP level 3. HP: 21/21 MP: 3/3
   149 | D:1      | Reached skill level 5 in Ranged Weapons
   504 | D:1      | 504 ||| UPGRADING to +0 ring mail of cold resistance.
   514 | D:1      | 514 ||| DROPPING +0 leather armour.
   515 | D:1      | 515 ||| READING scroll labelled ENTAISU NAGIACLAV.
   516 | D:1      | 516 ||| READING scroll labelled BIZEMEZYXA.
   517 | D:1      | 517 ||| READING scroll labelled FICYAKL SAPRUONT.
   518 | D:1      | 518 ||| DROPPING scroll of butterflies.
   641 | D:2      | 641 ||| STAIRDANCE
   769 | D:2      | Reached skill level 1 in Armour
  1098 | D:2      | 1098 ||| STAIRDANCE
  1103 | D:1      | 1103 ||| UPGRADING to scarf of resistance.
  1108 | D:1      | 1108 ||| READING scroll labelled PEFREK UTAUDGH.
  1214 | D:2      | Reached XP level 4. HP: 27/27 MP: 4/4
  1256 | D:2      | Reached skill level 3 in Fighting
  1317 | D:3      | Noticed qw's ghost (amateur MiHu)
  1344 | D:3      | Identified the +0 robe "Ecinusey" {Contam +Blink rF+++
                  | MP+9}
  1381 | D:3      | Found a runed translucent door.
  1499 | D:3      | HP: 7/28 [orc/+0 hand axe (2)]
  1500 | D:3      | Splashed by a jelly's acid

Levels and vault maps discovered:
D:1:      spicycebolla_arrival_ecumenical, layout_basic
D:2:      layout_loops_ring
D:3:      layout_basic, hellmonk_ghost_happy_afterlife

Skill      XL: |  1  2  3  4 |
---------------+-------------+-----
Ranged Weapons | 5 |  5.4
Armour         | 1 |  1.0
Fighting       | 3 |  3.0
Dodging        | |  1.5
Stealth        | |  1.1

Action                     |  1- 3 |  4- 6 || total
---------------------------+-------+-------++-------
   Fire: Shortbow          |    96 |    16 ||   112
    Use: Scroll            |     4 |       ||     4
 Armour: Leather armour    |     6 |       ||     6
         Ring mail         |       |    11 ||    11
  Dodge: Dodged            |    11 |    12 ||    23

Table legend:
 A = Non-vault XP
 B = Vault XP
 C = Vault XP percentage of total XP
 D = Non-vault monster count
 E = Vault monster count
 F = Vault count percentage of total count
                 A         B        C        D         E       F
            +---------+---------+-------+---------+---------+-------
      Total |     138 |       0 |   0.0 |      50 |       0 |   0.0
            +---------+---------+-------+---------+---------+-------
        D:1 |      59 |       0 |   0.0 |      32 |       0 |   0.0
        D:2 |      25 |       0 |   0.0 |      12 |       0 |   0.0
        D:3 |      54 |       0 |   0.0 |       6 |       0 |   0.0
            +---------+---------+-------+---------+---------+-------
